 Dungeon Crawl Stone Soup version 0.29-a0-648-g6b26cc9f40 (webtiles) character file.

Game seed: 14375482457050499398

3490 Ijustatesigmund the Thaumaturge (level 9, -6/50 (51) HPs)
             Began as a Deep Elf Earth Elementalist on June 20, 2022.
             Mangled by Erica
             ... wielding a +4 scimitar of flaming
              (14 damage)
             ... on level 8 of the Dungeon.
             The game lasted 00:23:50 (8555 turns).

Ijustatesigmund the Thaumaturge (DEEE)              Turns: 8555, Time: 00:23:50

HP:   -6/50 (51)    AC:  7    Str: 14    XL:     9   Next: 80%
MP:   24/25         EV: 16    Int: 25    God:
Gold: 1146          SH: 12    Dex: 23    Spells: 24/28 levels left

rFire   . . .      SeeInvis .   c - +5 rapier of Due Proportion {freeze, rCorr Str+3 Dex+2}
rCold   . . .      Faith    .   p - +1 buckler
rNeg    . . .      Spirit   .   a - +0 robe
rPois   .          Reflect  +   s - +1 helmet
rElec   .          Harm     .   f - +2 cloak
rCorr   +          Rampage  .   (no gloves)
Will    .....                   (no boots)
Stlth   +++.......              h - amulet of reflection
HPRegen 0.16/turn               j - +6 ring of strength
MPRegen 0.19/turn               o - +6 ring of dexterity

@: slowed, lightly drained, very slow
A: no striking features
a: no special abilities


You were on level 8 of the Dungeon.
You visited 2 branches of the dungeon, and saw 9 of its levels.

You collected 1279 gold pieces.
You spent 133 gold pieces at shops.

Inventory:

Hand Weapons
 c - the +5 rapier of Due Proportion (weapon) {freeze, rCorr Str+3 Dex+2}
   (You acquired it on level 2 of the Dungeon)

   It freezes those it strikes, dealing additional cold damage.
   It can also slow down cold-blooded creatures.
   Str:       It affects your strength (+3).
   Dex:       It affects your dexterity (+2).
   rCorr:     It protects you from acid and corrosion.
Armour
 a - a +0 robe (worn)
 f - a +2 cloak (worn)
 p - a +1 buckler (worn)
 s - a +1 helmet (worn)
 B - the +3 leather armour "Cezy" {Will+}
   (You found it on level 8 of the Dungeon)

   Will:      It increases your willpower.
Jewellery
 h - an amulet of reflection (around neck)
 j - a +6 ring of strength (left hand)
 o - a +6 ring of dexterity (right hand)
 q - an amulet of regeneration
 A - a ring of positive energy
Wands
 k - a wand of iceblast (14)
 n - a wand of light (12)
 y - a wand of flame (12)
Scrolls
 e - 3 scrolls of teleportation
 t - a scroll of enchant armour
 u - a scroll of immolation
 C - a scroll of poison
Potions
 b - 2 potions of magic
 d - a potion of attraction
 g - 3 potions of cancellation
 i - 4 potions of flight
 l - a potion of resistance
 m - 2 potions of curing
 r - 2 potions of ambrosia {unknown}
 v - a potion of berserk rage {unknown}
 w - 2 potions of degeneration {unknown}
 x - 2 potions of lignification {unknown}
 z - a potion of invisibility {unknown}


   Skills:
 + Level 3.4 Fighting
 - Level 1.1 Short Blades
 + Level 5.8 Dodging
 - Level 2.4 Stealth
 - Level 4.1 Shields
 + Level 10.4 Spellcasting
 + Level 7.1 Conjurations
 - Level 1.1 Transmutations
 + Level 6.2 Earth Magic
 - Level 1.2 Evocations


You had 24 spell levels left.
You knew the following spells:

 Your Spells              Type           Power      Damage    Failure   Level
a - Sandblast             Erth           88%        2d18      1%          1
b - Stone Arrow           Conj/Erth      92%        3d12      1%          3

Your spell library contained the following spells:

 Spells                   Type           Power      Damage    Failure   Level
 Passwall                 Tmut/Erth      25%        N/A       1%          2
 Conjure Flame            Conj/Fire      30%        6-21      4%          3
 Freeze                   Ice            52%        1d7       6%          1
 Scorch                   Fire           26%        2d6       9%          2
 Petrify                  Tmut/Erth      31%        N/A       13%         4
 Flame Wave               Conj/Fire      30%        2d8       14%         4
 Hailstorm                Conj/Ice       30%        3d8       14%         4
 Sticky Flame             Conj/Fire      30%        2d5       14%         4
 Ignite Poison            Fire/Tmut/Pois 14%        N/A       16%         3
 Confusing Touch          Hex            13%        N/A       19%         3
 Frozen Ramparts          Ice            26%        1d4       19%         3
 Yara's Violent Unravell  Hex/Tmut       7%         3d5       80%         5
 Summon Cactus Giant      Summ           6%         N/A       100%        6
 Enfeeble                 Hex            6%         N/A       100%        7


Dungeon Overview and Level Annotations

Branches:
Dungeon (8/15)             Temple (1/1) D:5
   Lair: D:8-11

Altars:
Ashenzari
Cheibriados
Dithmenos
Elyvilon
Fedhas
Gozag
Kikubaaqudgha
Nemelex Xobeh
Okawaru
Qazlal
Ru
Sif Muna
Trog
Uskayaw
Vehumet
Wu Jian
Xom
Yredelemnul
Zin
The Shining One

Shops:
D:4 *

Annotations:
D:5 2 runed translucent doors, KristoblXynda's ghost, weakling DrDe
D:8 Erica


Message History

You barely miss the wight.
The wight is heavily damaged.
The wight hits you with a +3 mace.
You feel drained. The wight hits you with a +3 mace.
You feel drained.
You puncture the wight!
You destroy the wight!
Items here: ))) [[[.
You hear the hiss of an avalanche of sand nearby.
Erica the Fiery-Tempered comes into view.
She is wielding a +4 scimitar of flaming.
Found a scroll of teleportation.
Erica shouts!
Magic courses through your body.
Casting: Stone Arrow (safe; 1% risk of failure)
Confirm with . or Enter, or press ? or * to list all spells.
Aiming: Stone Arrow (safe; 1% risk of failure)
Press: ? - help, Shift-Dir - straight line, f - Erica
Aim: Erica, wielding a +4 scimitar of flaming and wearing a +2 robe (73% to hit)
The stone arrow hits Erica!
Erica is lightly wounded.
Erica mumbles some strange words.
Erica flickers and vanishes!
Deactivating autopickup; reactivate with Ctrl-A.
Okay, then.
Okay, then.
You hit something. You freeze something. Something hits you but does no damage.
You puncture something! You freeze something. Something hits you.
Something burns you.
You hit something. You freeze something.
You hear some strange, mumbled words.
You feel yourself slow down.
You barely miss something. Something hits you but does no damage.
Something hits you. Something burns you.
You hit something. You freeze something. Something hits you.
Something burns you. Something barely misses you.
You miss something. Something hits you!
* * * LOW HITPOINT WARNING * * *
Something burns you.
* * * LOW HITPOINT WARNING * * *
Something hits you!
You die...

#####.# #.# # #.#
#.#
#####.######.#######
..........)........#
###########>.#####.#
#..# .#
#..#####.#####
#.............
#.....@..####
#######{.# ..# ..#
..# ?.# ..# ...


There were no monsters in sight!

Vanquished Creatures
  Pikel (D:5)
  A steam dragon (D:7)
  3 water moccasins
  An ice beast (D:5)
  A sky beast (D:7)
  2 ogres
  2 black bears (D:7)
  An orc warrior (D:7)
  4 lemures (D:5)
  4 phantoms
  2 bullfrogs
  A kobold brigand (D:6)
  Blork the orc (D:4)
  A necrophage (D:5)
  2 scorpions
  5 wights (D:8)
  5 killer bees (D:6)
  2 hounds
  A jelly (D:5)
  Crazy Yiuf (D:6)
  4 orc priests
  4 iguanas
  5 orc wizards
  A gnoll (D:5)
  9 adders
  2 ufetubi
  3 worms
  29 orcs
  11 bats
  9 endoplasms
  3 giant cockroaches
  11 goblins
  11 hobgoblins
  3 jackals (D:4)
  16 kobolds
  4 quokkas
  8 ball pythons
  2 frilled lizards (D:3)
  9 rats
185 creatures vanquished.

Vanquished Creatures (others)
  An orc wizard (D:6)
1 creature vanquished.

Grand Total: 186 creatures vanquished

Notes
Turn   | Place    | Note
-------+----------+-------------------------------------------
     0 | D:1      | Ijustatesigmund the Deep Elf Earth Elementalist began the
                  | quest for the Orb.
     0 | D:1      | Reached XP level 1. HP: 10/10 MP: 6/6
   123 | D:1      | Reached XP level 2. HP: 15/15 MP: 5/8
   252 | D:1      | Found a faded altar of an unknown god.
   470 | D:1      | Reached skill level 4 in Spellcasting
   541 | D:1      | Reached XP level 3. HP: 16/19 MP: 7/10
   913 | D:2      | Learned a level 3 spell: Stone Arrow
  1258 | D:2      | Identified 2 scrolls of acquirement
  1258 | D:2      | Acquired 739 gold pieces
  1263 | D:2      | Acquired the +5 rapier of Due Proportion {freeze, rCorr
                  | Str+3 Dex+2}
  1811 | D:3      | Reached XP level 4. HP: 23/24 MP: 9/12
  1905 | D:3      | Reached skill level 1 in Short Blades
  2440 | D:3      | Reached skill level 5 in Spellcasting
  3067 | D:4      | Found Wercheiki's Assorted Antiques.
  3070 | D:4      | Bought an iron wand for 76 gold pieces
  3070 | D:4      | Bought a scroll of identify for 38 gold pieces
  3070 | D:4      | Bought a scroll labelled DIETIRPHIUHA for 19 gold pieces
  3114 | D:4      | Noticed an ogre
  3114 | D:4      | Noticed Blork the orc
  3124 | D:4      | Reached skill level 1 in Evocations
  3124 | D:4      | Reached XP level 5. HP: 28/28 MP: 7/14
  3237 | D:4      | Noticed a water moccasin
  3241 | D:4      | Killed a water moccasin
  3242 | D:4      | Reached skill level 1 in Shields
  3242 | D:4      | Reached skill level 5 in Earth Magic
  3411 | D:4      | Reached XP level 6. HP: 32/32 MP: 12/16
  3474 | D:4      | Killed Blork the orc
  3475 | D:4      | Reached skill level 1 in Conjurations
  3477 | D:4      | Reached skill level 6 in Spellcasting
  3572 | D:5      | Entered Level 5 of the Dungeon
  3692 | D:5      | Reached XP level 7. HP: 36/36 MP: 13/18
  3742 | D:5      | Reached skill level 7 in Spellcasting
  3833 | D:5      | Found a large runed translucent door.
  3876 | D:5      | Found a staircase to the Ecumenical Temple.
  3885 | Temple   | Entered the Ecumenical Temple
  4092 | D:5      | Noticed Pikel
  4254 | D:5      | Found a large runed translucent door.
  4267 | D:5      | Killed Pikel
  4268 | D:5      | Reached skill level 8 in Spellcasting
  4268 | D:5      | Reached XP level 8. HP: 25/41 MP: 3/22
  4503 | D:5      | Noticed KristoblXynda's ghost (weakling DrDe)
  4877 | D:5      | Reached skill level 5 in Conjurations
  5238 | D:6      | Reached skill level 1 in Fighting
  5481 | D:6      | Reached skill level 9 in Spellcasting
  6226 | D:6      | Found a broken altar of Ashenzari.
  6226 | D:6      | Found an ornate altar of the Wu Jian Council.
  6367 | D:6      | Identified the +8 mace of the Iron City of Dis {speed, rN+
                  | Str+2 Dex+2}
  6369 | D:6      | Found a runed translucent door.
  6370 | D:6      | Noticed Crazy Yiuf
  6377 | D:6      | Killed Crazy Yiuf
  6703 | D:6      | Reached XP level 9. HP: 28/48 MP: 17/24
  7845 | D:7      | Reached skill level 5 in Dodging
  7846 | D:7      | Reached skill level 10 in Spellcasting
  8402 | D:8      | Identified the +3 leather armour "Cezy" {Will+}
  8547 | D:8      | Noticed Erica
  8555 | D:8      | Mangled by Erica

Illustrated notes

Levels and vault maps discovered:
D:1:      eino_arrival_tree_alley, layout_basic,
          shapermc_ecumenical_altar_totnotflames,
          chequers_serial_rivers_large_b, minmay_misc_feat_diagonals
D:2:      layout_loops_ring
D:3:      minmay_chambers_of_threes, layout_loops_ring, minmay_pentomino_pile
D:4:      layout_basic, serial_shops, nicolae_shop_behind_doors,
          uniq_blork_the_orc
D:5:      layout_cave_pools, lemuel_temple_firewalk_b,
          ebering_ghost_disaster_area, wad_rectangle_vault, uniq_pikel
D:6:      layout_loops_ring, jmf_multi_god_temple, uniq_crazy_yiuf_cottage
D:7:      layout_cave_pools
D:8:      layout_loops_ring, nicolae_ossuary_entry_false_entrances, uniq_erica,
          uniq_grum
Temple:   mainiacjoe_temple_coin_purse

Skill      XL: |  1  2  3  4  5  6  7  8  9 |
---------------+----------------------------+-----
Spellcasting   | 4 5 6 8 9 10 | 10.4
Earth Magic    | 4 5 6 |  6.2
Short Blades   | 1 |  1.1
Evocations     | 1 |  1.2
Shields        | 1 2 3 4 |  4.1
Conjurations   | 2 4 5 7 |  7.1
Fighting       | 1 3 |  3.4
Dodging        | 3 5 |  5.8
Stealth        | |  2.4
Transmutations | |  1.1

Action                   |  1- 3 |  4- 6 |  7- 9 || total
-------------------------+-------+-------+-------++-------
Melee: Dagger            |     1 |       |       ||     1
       Rapier            |    16 |    65 |   115 ||   196
       Punch             |       |     1 |       ||     1
 Cast: Sandblast         |    55 |    13 |     3 ||    71
       Stone Arrow       |       |     8 |    86 ||    94
Evoke: Wand              |       |     3 |     5 ||     8
  Use: Scroll            |     4 |     8 |     7 ||    19
       Potion            |       |     1 |     1 ||     2
 Stab: Sleeping          |     2 |     7 |     3 ||    12
       Invisible         |       |       |     2 ||     2
Armor: Robe              |     8 |    18 |    45 ||    71
Dodge: Dodged            |    29 |    29 |    71 ||   129
Block: Other             |       |    14 |       ||    14
       Buckler           |       |     1 |    98 ||    99
       Reflection        |       |       |     1 ||     1

Table legend: (Time is in decaauts)
 A = Elapsed time spent in this place.
 B = Non-inter-level travel time spent in this place.
 C = Inter-level travel time spent in this place.
 D = Time resting spent in this place.
 E = Time spent auto-exploring this place.
 F = Levels seen in this place.
 G = Mean time per level.
                   A        B        C        D        E       F      G
               +--------+--------+--------+--------+--------+-----+--------+
         Total |   8691 |   8464 |    227 |   2365 |   4694 |   9 |  965.7 |
       Dungeon |   8578 |   8365 |    213 |   2365 |   4608 |   8 | 1072.2 |
        Temple |    112 |     98 |     14 |      0 |     86 |   1 |  112.0 |
               +--------+--------+--------+--------+--------+-----+--------+

Top non-repeatable levels by time:
     D:6: 2015 daAuts
     D:5: 1468 daAuts
     D:7: 1258 daAuts
     D:3: 977 daAuts
     D:1: 966 daAuts
     D:2: 910 daAuts
     D:4: 818 daAuts
     D:8: 163 daAuts
  Temple: 112 daAuts
